[Event "*** Titled Tuesday 3|2 Blitz"]
[Site "Chess.com"]
[Date "2016.05.03"]
[Round "9"]
[White "hypert"]
[Black "the_drake"]
[Result "0-1"]
[WhiteElo "2326"]
[BlackElo "2193"]
[TimeControl "180+2"]
[EndTime "13:00:28 PDT"]
[Termination "the_drake won by resignation"]

1. e4 e5 2. Nf3 Nc6 3. Bb5 a6 4. Ba4 Nf6 5. O-O Nxe4 6. d4 b5 7. Bb3 d5 8. dxe5 Be6 9. c3 Bc5 10. Nbd2 O-O 11. Bc2 Nxf2 12. Rxf2 f6 13. Nb3 Bxf2+ 14.
Kxf2 fxe5 15. Kg1 e4 16. Nfd4 Qf6 17. Be3 Ne5 18. Nxe6 Qxe6 19. Nd4 Qd7 20. b4 c6 21. a4 Rae8 22. axb5 axb5 23. Qe2 h6 24. Bf2 Rf7 25. Bg3 Ng4 26. h3 Nf6 27. Nb3 Ref8 28. Nc5 Qe8 29. Bb3 Nd7 30. Nb7 Qe6 31. Nc5 Nxc5 32. bxc5 Rf5 33. Ra7 Rg5 34. Kh2 Qg6 35. Bh4 Rgf5 36. Re7 Rf4 37. Bg3 R4f5 38. Rxe4 Rf2 39.
Bxf2 Rxf2 40. Re8+ Rf8 41. Qe6+ Qxe6 42. Rxe6 Rc8 43.
Bc2 Kf7 44. Rd6 Ke7 45. Bf5 Rc7 46. g4 Ra7 47. Rxc6 Ra3 48. Rb6 Rxc3 49. Rxb5 d4 50.
Rb7+ Kf6 51. Rb6+ Kg5 52. c6 Kh4 53. Bd7 d3 54. Rb1 Rc2+ 55. Kg1 d2 56. Rf1 Rc1 57. c7 Rxf1+ 58. Kxf1 d1=Q+ 59. Kg2 Qc2+ 60. Kg1 Kg3 0-1

[Event "*** Titled Tuesday 3|2 Blitz"]
[Site "Chess.com"]
[Date "2016.05.03"]
[Round "9"]
[White "Ksenia_Legenko"]
[Black "vinceyoung15"]
[Result "0-1"]
[WhiteElo "2070"]
[BlackElo "2158"]
[TimeControl "180+2"]
[EndTime "13:00:46 PDT"]
[Termination "vinceyoung15 won by checkmate"]

1. d4 d5 2. c4 e6 3. Nf3 Be7 4. g3 Nf6 5. Bg2 O-O 6. O-O c6 7. Nc3 Nbd7 8. Qd3 b6 9. e4 a5 10. b3 Ba6 11. Rd1 Rc8 12. Bf4 Bb4 13. Rac1 Bxc3 14.
Qxc3 Nxe4 15. Qe3 Ndf6 16. Ne5 Qe7 17. f3 Nd6 18. c5 Nf5 19. Qf2 bxc5 20. dxc5 Nh5 21.
Bd2 f6 22. Nd3 Bxd3 23. g4 Ba6 24. Bxa5 Nf4 25. gxf5 Ne2+ 26. Kh1 Nxc1 27. Rxc1 e5 28. Bd2 d4 29. f4 e4 30. Qxd4 Rfd8 31. Qf2 Rd5 32.
Be3 Rcd8 33. Qc2 Rd3 34. Re1 h5 35. h3 h4 36. b4 Re8 37. a4 Qd7 38. Bf1 Qxf5 39.
Bxd3 exd3 40. Qg2 Bc4 41. Kh2 Bd5 42. Qf2 Re4 43. b5 Rxa4 44. bxc6 Ra2 45. Bd2 Bxc6 46. Rd1 Rc2 47. Qe3 Rxc5 48. Be1 Rc2+ 49. Rd2 Qd5 50. Bxh4 Qh1+ 51. Kg3 Rxd2 52. Qxd2 Qf3+ 53. Kh2 Kh7 54. Be1 Kg6 55. Qf2 Qh1+ 56. Kg3 Bd7 57. f5+ Bxf5 58. Bd2 Qxh3+ 59. Kf4 Qg4+ 60. Ke3 Qe4# 0-1

[Event "*** Titled Tuesday 3|2 Blitz"]
[Site "Chess.com"]
[Date "2016.05.03"]
[Round "9"]
[White "ChessWarrior7197"]
[Black "sorito"]
[Result "1-0"]
[WhiteElo "2479"]
[BlackElo "2192"]
[TimeControl "180+2"]
[EndTime "13:00:56 PDT"]
[Termination "ChessWarrior7197 won by checkmate"]

1. Nf3 b6 2. g3 Bb7 3. Bg2 g5 4.
h3 h6 5. d3 Bg7 6. e4 c5 7.
Nc3 Nc6 8. Be3 d6 9. d4 cxd4 10. Nxd4 Nxd4 11. Bxd4 Nf6 12. O-O Qd7 13. e5 dxe5 14.
Bxe5 Bxg2 15. Kxg2 Qb7+ 16. Qf3 O-O-O 17. Qxb7+ Kxb7 18. Rfd1 Nh5 19. Bxg7 Nxg7 20. Nd5 Nf5 21. g4 Nh4+ 22.
Kg3 Rd7 23. Ne3 Rc7 24. f4 e6 25. Rd3 Ng6 26. f5 Nf4 27. Rd2 Re8 28. Rad1 a5 29.
c3 a4 30. a3 b5 31. fxe6 fxe6 32. Rd7 Re7 33. Rd8 Kc6 34. h4 Rcd7 35. R1xd7 Rxd7 36. Rc8+ Kb6 37. hxg5 hxg5 38. Rg8 Rd3 39. Kf2 Rd2+ 40. Kf3 Nd3 41. Rxg5 Rxb2 42. Rg8 Rb3 43. g5 Rxc3 44. Re8 Ne5+ 45. Ke4 Nf7 46. Rxe6+ Kc5 47. Kf4 Nxg5 48.
Kxg5 Rxa3 49. Kf4 Rd3 50. Re5+ Kc6 51. Ke4 Rd7 52. Nc2 Rd2 53. Nd4+ Kb6 54. Rxb5+ Ka6 55. Rb4 Ka5 56. Nc6+ Ka6 57. Ke3 Rd6 58. Ne5 Ka5 59. Rb8 Re6 60. Kd4 Rd6+ 61. Kc5 Re6 62. Nc6+ Ka6 63.
Rb6# 1-0

[Event "*** Titled Tuesday 3|2 Blitz"]
[Site "Chess.com"]
[Date "2016.05.03"]
[Round "9"]
[White "oskariot"]
[Black "Zazuliak"]
[Result "1/2-1/2"]
[WhiteElo "2432"]
[BlackElo "2379"]
[TimeControl "180+2"]
[EndTime "13:01:14 PDT"]
[Termination "Game drawn by agreement"]

1. e4 c5 2. Nf3 g6 3. d4 cxd4 4. Nxd4 Bg7 5. c4 Nc6 6. Be3 Nf6 7. Nc3 O-O 8. Be2 d6 9. O-O Bd7 10. Qd2 Nxd4 11. Bxd4 Bc6 12. f3 a5 13. b3 Nd7 14. Bf2 Nc5 15. Rab1 Be5 16. Rfd1 e6 17. Nb5 Bxb5 18. cxb5 Qf6 19. Bd4 Rfd8 20. Bxe5 dxe5 21. Qe3 b6 22. Bc4 Rxd1+ 23. Rxd1 Rd8 24. Qe2 Rd4 25. a3 Qd8 26. Rc1 Rd2 27. Qe3 Rd1+ 28. Rxd1 Qxd1+ 29. Kf2 Qc2+ 30. Kg3 Kg7 31. h4 h6 32. b4 axb4 33. axb4 Qxc4 34. bxc5 bxc5 35. b6 Qb5 36. b7 Qxb7 37. Qxc5 Qb2 38. Qc7 Qd4 39.
Qb8 Qa1 40. Qc7 Qe1+ 41. Kh3 Qh1+ 42. Kg3 Qe1+ 43. Kh3 Qa1 44. Kg3 Qd4 45. Qb8 Qc5 46. Kh3 g5 47. hxg5 hxg5 48. Qd8 Qe3 49. Kg3 Qf4+ 50. Kf2 g4 51. Qe7 g3+ 52. Ke2 Qc1 53. Qh4 Qc2+ 54. Ke3 Qc1+ 55. Ke2 Qf4 56. Qd8 Qh6 57.
Qe7 Qf6 58. Qd6 Qg5 59. Qc7 Kg6 60. Qc8 Kg7 61. Qc7 Qh5 62. Qd6 Kg6 63. Qd8 Kg7 64. Qd6 Qg5 65. Qc7 Qf6 66. Qd6 Qf4 67. Qc7 Kg6 68. Qc8 Kg7 69. Qc7 Qg5 70. Qd6 Qf6 71. Qc7 Qg5 72. Qd6 Qf6 73. Qc7 1/2-1/2

[Event "*** Titled Tuesday 3|2 Blitz"]
[Site "Chess.com"]
[Date "2016.05.03"]
[Round "9"]
[White "Boryboy"]
[Black "dretch"]
[Result "1-0"]
[WhiteElo "2552"]
[BlackElo "2583"]
[TimeControl "180+2"]
[EndTime "13:01:18 PDT"]
[Termination "Boryboy won by resignation"]

1. d4 d5 2. Nf3 Nf6 3. c4 c6 4.
e3 Bg4 5. Qb3 Qb6 6. Nc3 e6 7.
Nh4 Bh5 8. h3 Na6 9. g4 Bg6 10.
Nxg6 hxg6 11. Bg2 Qb4 12. cxd5 Qxb3 13. axb3 Nb4 14. Ke2 exd5 15. Bd2 Nd7 16. Rhc1 Be7 17. Na4 Na6 18. f3 O-O 19. Be1 Rfe8 20. Bf2 g5 21. Bg3 Nf8 22. Kf2 Ne6 23. Bf1 Nb4 24.
Nc3 c5 25. dxc5 Nxc5 26. Rd1 Red8 27. Bc7 Rd7 28. Bb6 Nxb3 29. Rxa7 Rxa7 30. Bxa7 Bc5 31. Bxc5 Nxc5 32. Rd4 Nc6 33. Rxd5 Rxd5 34. Nxd5 Kf8 35.
f4 Ne4+ 36. Ke1 gxf4 37. exf4 Nd4 38. Bd3 Nf3+ 39. Ke2 Ng1+ 40. Ke3 Nd6 41. Bf1 Nxh3 42. Bxh3 Nc4+ 43. Kd4 Nxb2 44. Nc3 b5 45. Bf1 b4 46. Nd5 b3 47. Nc3 Ke7 48. Bg2 f6 49. Bd5 Kd7 50.
Bxb3 Kd6 51. Bd5 Ke7 52. Bg2 Kd6 53. Bf1 Ke7 54. Be2 Kd6 55. Ke4 Kc5 56. Kf5 Kd4 57. Ne4 Na4 58. Nxf6 gxf6 59. Kxf6 Nc3 60. Bf3 Ke3 61.
Bc6 Ne2 62. g5 Nxf4 63. Kf5 Nh5 64. g6 Kd4 65. Bf3 Ng7+ 66. Kf6 Ne8+ 67. Ke7 Ng7 68. Kf6 Ne8+ 69. Kf7 Nd6+ 70. Kf8 Nf5 71. Bg4 Nh6 72.
Be6 Ke5 73. Kg7 Kxe6 74. Kxh6 Kf6 75. g7 1-0

[Event "*** Titled Tuesday 3|2 Blitz"]
[Site "Chess.com"]
[Date "2016.05.03"]
[Round "9"]
[White "smurfo"]
[Black "Zhani-Z"]
[Result "0-1"]
[WhiteElo "2509"]
[BlackElo "2190"]
[TimeControl "180+2"]
[EndTime "13:01:46 PDT"]
[Termination "Zhani-Z won by resignation"]

1. e4 e5 2. Nf3 Nc6 3. d4 exd4 4. Nxd4 Nf6 5. Nc3 Bb4 6. Nxc6 bxc6 7. Bd3 d5 8. exd5 O-O 9. O-O cxd5 10. h3 c6 11. Qf3 Bd6 12. Bg5 Rb8 13. Rab1 h6 14. Bxf6 Qxf6 15. Qxf6 gxf6 16. Ne2 c5 17. b3 Be6 18.
c4 d4 19. f4 a5 20. Ng3 a4 21.
Nh5 Be7 22. Rf3 Rb6 23. Rg3+ Kh8 24. Rg7 f5 25. Re1 Bf6 26. Rg3 Bh4 27. bxa4 Bxg3 28. Nxg3 Ra8 29. Re5 Rxa4 30. Nxf5 Bxf5 31. Rxf5 Kg7 32.
Rxc5 Rxa2 33. Rd5 Rd2 34. Be4 Re6 35. Bf3 Re3 36. c5 Rc3 37. f5 Kf6 38. h4 d3 39.
Kh2 Rdc2 40. c6 d2 41. Kg3 Rxc6 42. Rxd2 Rxd2 43. Bxc6 Kxf5 44. Bb7 Rd3+ 45. Bf3 Ke5 46. Kg4 Kf6 47. Kh5 Kg7 48. Be4 Rd4 49. Bf3 Rc4 50. g4 Rc5+ 51. g5 hxg5 52. hxg5 f6 53.
Kg4 Rxg5+ 54. Kf4 Ra5 55. Be4 Kf7 56. Bc2 Ke7 57. Bd3 Rd5 58. Bc2 Re5 59. Bb1 Re1 60. Bd3 Kd6 61. Kf5 Ke7 62. Kf4 Rd1 63. Bc2 Rf1+ 64.
Ke4 f5+ 65. Ke5 f4 66. Ke4 Kf6 67. Bd3 Rf2 68. Bb5 Kg5 69. Ba4 Kg4 70. Bd1+ Kg3 71. Bh5 f3 72. Kd3 Rf1 0-1

[Event "*** Titled Tuesday 3|2 Blitz"]
[Site "Chess.com"]
[Date "2016.05.03"]
[Round "9"]
[White "Yaacovn"]
[Black "chito89"]
[Result "1-0"]
[WhiteElo "2586"]
[BlackElo "2652"]
[TimeControl "180+2"]
[EndTime "13:01:50 PDT"]
[Termination "Yaacovn won by resignation"]

1. d4 g6 2. Nf3 Bg7 3. e3 d6 4. Be2 Nd7 5. b3 e5 6. Bb2 Ne7 7. c4 O-O 8. Nc3 exd4 9. Nxd4 Nc5 10. O-O c6 11. Qd2 a5 12. Rad1 Qb6 13. Nf3 Rd8 14. Ng5 a4 15. Nce4 Nxe4 16. Nxe4 Qa5 17. b4 Qf5 18. Bxg7 Kxg7 19. Qc3+ f6 20. Nxd6 Qe6 21.
c5 a3 22. Bc4 Qe5 23. Qxe5 fxe5 24. e4 Ng8 25. Bxg8 Kxg8 26. Rd2 Be6 27. f3 Ra4 28. Rb1 Kf8 29. Kf2 Ke7 30. Ke3 b6 31. cxb6 Ra6 32. Rbd1 Rb8 33. b7 Rb6 34. Rb1 c5 35. Nc8+ Bxc8 36. bxc8=Q Rxc8 37. b5 c4 38. Rc2 Rc5 39. Rb4 Rcxb5 40. Rbxc4 Rb2 41. Kd3 Kd6 42. h4 h6 43.
R4c3 Rxc2 44. Rxc2 Rb1 45. Kc3 g5 46. hxg5 hxg5 47.
Rd2+ Ke6 48. Rc2 Kd6 49. Kc4 Rb2 50. Kd3 Rb1 51. Kc3 Kc5 52. Rd2 Kc6 53. g4 Rf1 54. Rd3 Rb1 55. Kc4 Rc1+ 56. Kb4 Rb1+ 57. Kxa3 Kc5 58. Rd5+ Kc4 59. Rxe5 Rb8 60. Rxg5 Rb7 61. Rg8 Rf7 62. Rc8+ Kd4 63. Rd8+ Kc3 64. Rc8+ Kd4 65. Kb2 Rxf3 66. Re8 Rg3 67. e5 Rxg4 68. Kb3 Kd5 69.
a4 Rg1 70. Kb4 Rb1+ 71. Ka5 Kc6 72. Re6+ Kd5 73. Re8 Kc6 74. e6 Kd6 75. Ka6 Rb4 76.
a5 Rb1 77. Ka7 Rb5 78. a6 Rb1 79. Rb8 Ra1 80. Rb6+ Ke7 81. Kb7 1-0

[Event "*** Titled Tuesday 3|2 Blitz"]
[Site "Chess.com"]
[Date "2016.05.03"]
[Round "9"]
[White "sandropozo"]
[Black "rhungaski"]
[Result "0-1"]
[WhiteElo "2266"]
[BlackElo "2439"]
[TimeControl "180+2"]
[EndTime "13:02:08 PDT"]
[Termination "rhungaski won by resignation"]

1. d4 d5 2. c4 dxc4 3. e3 Nf6 4. Bxc4 e6 5. Nf3 c5 6. O-O a6 7.
b3 Nc6 8. Bb2 cxd4 9. Nxd4 Nxd4 10. Bxd4 Be7 11. Nd2 O-O 12. Be2 b6 13. Bf3 Nd5 14. Nc4 Rb8 15. Rc1 Bb7 16. Qe2 b5 17. Ne5 Bf6 18. Rfd1 Rc8 19. Qd2 Qe7 20. Rxc8 Rxc8 21.
Rc1 Qd8 22. Rxc8 Qxc8 23. h3 h6 24. Ng4 Bxd4 25. Qxd4 Qc1+ 26. Kh2 Qc7+ 27. g3 f6 28. Kg2 Ne7 29. Bxb7 Qxb7+ 30. Kg1 h5 31. Nxf6+ gxf6 32. Qxf6 Qd7 33. Qg5+ Kf8 34. Qxh5 Ng8 35. Qh4 Qd1+ 36. Kg2 Qd5+ 37. e4 Qe5 38. Qd8+ Kf7 39. Qd7+ Ne7 40.
Qd3 a5 41. f4 Qb2+ 42. Kf3 Qxa2 43. Qxb5 Qd2 44. Qh5+ Kf8 45. Qh6+ Kf7 46. Qh7+ Ke8 47.
Qh5+ Kd7 48. Qb5+ Kd8 49. Qb6+ Kd7 50. Qb5+ Kc7 51. Qc4+ Nc6 52. Kg4 Qd1+ 53. Kg5 Qd7 54. Qc3 Qf7 55. Qf6 Qxf6+ 56. Kxf6 Nd4 57. h4 Nxb3 58.
h5 a4 59. h6 a3 60. h7 a2 61.
h8=Q a1=Q+ 62. e5 Nc5 63. Qg7+ Kb6 64. Qe7 Qg1 65. Qd8+ Kb5 66. Qe8+ Kc4 67. Qg6 Kd5 68.
g4 Qg3 69. Kg5 Ne4+ 70. Kh6 Qxf4+ 71. g5 Qh2+ 72. Kg7 Qxe5+ 73. Kf8 Qf5+ 74. Qxf5+ exf5 75. g6 Ke5 76. g7 Nf6 77. g8=N Nxg8 0-1

[Event "*** Titled Tuesday 3|2 Blitz"]
[Site "Chess.com"]
[Date "2016.05.03"]
[Round "9"]
[White "SmoothAsAHedgehog"]
[Black "Colombiano07"]
[Result "1-0"]
[WhiteElo "2536"]
[BlackElo "2272"]
[TimeControl "180+2"]
[EndTime "13:02:28 PDT"]
[Termination "SmoothAsAHedgehog won by checkmate"]

1. Nf3 d5 2. c4 c6 3. g3 Bf5 4. Bg2 e6 5. O-O Nf6 6. cxd5 exd5 7. d3 Be7 8. Qb3 Qb6 9. Nc3 O-O 10. Qc2 Nbd7 11. e4 dxe4 12. dxe4 Bg6 13. Nh4 Rfe8 14. Be3 Qa5 15. Nxg6 hxg6 16. Rad1 Bc5 17. Bc1 Rad8 18. a3 Qc7 19. b4 Bb6 20. Na4 Ne5 21. Bb2 Rxd1 22.
Rxd1 Neg4 23. Nxb6 axb6 24. h3 Ne5 25. f4 Ned7 26. e5 Nh5 27. Qf2 g5 28. Bf3 Nxf4 29. gxf4 gxf4 30. Kh1 Nxe5 31. Rg1 f6 32. Be4 Qd7 33.
Qh4 f5 34. Bxe5 Rxe5 35. Bf3 Qe7 36. Qxf4 Re3 37. Rg2 Qe5 38. Qxe5 Rxe5 39. Ra2 Re3 40. Kg2 Rb3 41. Be2 b5 42. Bd1 Rc3 43. Bc2 Kf8 44. Bxf5 Ke7 45. Bg4 Kd6 46. Rd2+ Kc7 47. Rd7+ Kb6 48.
Rxg7 Rxa3 49. Rf7 Rb3 50. Rf4 c5 51. Rf6+ Kc7 52. bxc5 Rc3 53. Rf5 b4 54. Rf4 b3 55.
Rb4 Kc6 56. Bd1 Kxc5 57. Rxb7 Rd3 58. Bxb3 Kc6 59. Rb4 Kc5 60. Rb8 Kc6 61. Be6 Kc7 62. Rc8+ Kb7 63. Rc2 Kb6 64. Bf5 Re3 65. Bg4 Kb5 66.
Bf3 Kb4 67. h4 Re5 68. Kg3 Rc5 69. Rd2 Kc3 70. Rd8 Kc4 71. h5 Rg5+ 72. Kf4 Rg1 73. Bg4 Rh1 74. Kg5 Kc5 75. h6 Kc6 76. Rd2 Kc5 77.
Kg6 Kc6 78. h7 Kc5 79. Kg7 Rxh7+ 80. Kxh7 Kc4 81. Kg6 Kc3 82. Rd7 Kc4 83. Kf6 Kc5 84.
Ke5 Kc4 85. Rd5 Kc3 86. Ke4 Kc4 87. Bf3 Kc3 88. Ke3 Kc4 89. Re5 Kb4 90. Kd3 Kb3 91. Rb5+ Ka4 92. Kc4 Ka3 93. Kc3 Ka4 94. Rc5 Ka3 95.
Ra5# 1-0

[Event "*** Titled Tuesday 3|2 Blitz"]
[Site "Chess.com"]
[Date "2016.05.03"]
[Round "9"]
[White "KyronGriffith"]
[Black "oggy1984"]
[Result "1-0"]
[WhiteElo "2316"]
[BlackElo "2310"]
[TimeControl "180+2"]
[EndTime "13:02:41 PDT"]
[Termination "KyronGriffith won by resignation"]

1. d4 Nf6 2. Nf3 g6 3. g3 Bg7 4. Bg2 O-O 5. O-O d6 6. c4 c5 7. d5 b5 8. cxb5 a6 9. bxa6 Bxa6 10. Nc3 Nbd7 11. Re1 Ng4 12. Bd2 Qb6 13. h3 Nge5 14. Rb1 Nc4 15. Bg5 Rfb8 16. Bxe7 Nxb2 17. Qc2 Qb4 18. Ne4 f5 19. Nxd6 Qa3 20. Ng5 Qc3 21. Qxc3 Bxc3 22. Rec1 Na4 23. Rxb8+ Rxb8 24. e4 fxe4 25.
Ndxe4 Bd4 26. Ne6 Rb2 27. Nxd4 cxd4 28. a3 d3 29. Rd1 Ne5 30. Bb4 Bb7 31. d6 Re2 32. f4 Rxg2+ 33. Kxg2 Bxe4+ 34. Kf2 Nd7 35. Ke3 Nb2 36. Rb1 d2 37. Kxe4 d1=Q 38. Rxd1 Nxd1 39. a4 Nb2 40. a5 Kf7 41. Kd5 Nd3 42. Bc3 Nb8 43. Kc4 Nf2 44. h4 Ke6 45. Bb4 Ne4 46. Kb5 Nxd6+ 47. Kb6 Nc4+ 48. Kb7 Nxa5+ 49. Bxa5 Nd7 50.
Kc6 Nf6 51. Bc3 Ne4 52. Be1 Kf5 53. Kd5 Nf6+ 54. Kd6 Nh5 55. Ke7 Nf6 56. Kf7 h5 57. Kg7 Ne4 58. Kh6 Nc5 59. Bc3 Nd3 60. Bd4 Ne1 61.
Bf2 Nf3 62. Kg7 Nh2 63. Kf7 Ng4 64. Be1 Nf6 65. Ke7 Nd5+ 66. Kd6 Ne3 67. Ke7 Ng2 68.
Bf2 Kg4 69. Kf6 Kf3 70. Kxg6 Kxf2 71. f5 Kxg3 72. f6 Nf4+ 73. Kf5 Nd5 74. f7 Ne7+ 75. Kf6 Nd5+ 76. Ke6 Nf4+ 77. Kf5 Nd5 78. f8=Q 1-0

[Event "*** Titled Tuesday 3|2 Blitz"]
[Site "Chess.com"]
[Date "2016.05.03"]
[Round "9"]
[White "Makalexa"]
[Black "Inopov"]
[Result "0-1"]
[WhiteElo "2138"]
[BlackElo "2480"]
[TimeControl "180+2"]
[EndTime "13:04:29 PDT"]
[Termination "Inopov won by resignation"]

1. e4 e6 2. Qe2 c5 3. Nf3 b6 4. g3 Bb7 5. Bg2 d6 6. O-O Nf6 7. d3 Nbd7 8. Nbd2 Be7 9. h4 Qc7 10. b3 a6 11. a4 O-O 12. Bb2 b5 13. axb5 axb5 14. Rxa8 Rxa8 15. Ng5 Ra2 16. Rb1 Ne5 17. Ngf3 Nc6 18. Qd1 Nb4 19. Ne1 e5 20. Bc3 d5 21.
Bxb4 cxb4 22. Ra1 Ra3 23. Rc1 Ra2 24. Ra1 Ra3 25. Rc1 h6 26. exd5 Nxd5 27. Qh5 Ra6 28. Be4 Nf6 29. Qf3 Nxe4 30. Nxe4 g6 31. Qe3 Kg7 32.
Nf3 Re6 33. c4 bxc3 34. Rxc3 Qa5 35. Rc1 Qa8 36. Nfd2 Bb4 37. Nc5 Bxc5 38. Rxc5 Bc6 39. Rc1 Qa3 40. Qc5 Qb2 41. Qc3 Qa3 42. Qc5 Qa8 43.
f3 Bxf3 44. Qe3 Bh1 45. Qf2 Rf6 46. Qe2 Qd5 47. Ne4 Bxe4 48. dxe4 Qxb3 49. Kg2 b4 50. Rc2 Qa3 51. Rb2 b3 52. Qd2 Rc6 53. Kh3 Qa4 54. Qd5 Qd4 55. Qxb3 Qxe4 56. Kh2 Rc1 57. Rg2 Re1 58. Qb2 Rf1 59. Qd2 Rf3 60. Re2 Qg4 61. Qe1 Qf5 62. Rxe5 Qf6 63. Kg2 Rb3 64. Re2 Qc6+ 65. Kh2 Rc3 66. Qf2 Rc1 67. Re1 Rc2 68. Re2 Rc4 69. Re7 Qd5 70. Qb2+ Rd4 71. Re2 Kh7 72. Rf2 Rd1 73. Rg2 Qd4 74. Qxd4 Rxd4 75.
Rf2 f5 76. Kg2 Kg7 77. Ra2 Rd6 78. Kf3 Kf6 79. Ra3 g5 80. hxg5+ hxg5 81. Ra5 Rb6 82. Kf2 Kg6 83. Kf3 Rb3+ 84. Kf2 Rc3 85. Kg2 Rc2+ 86. Kf1 g4 87. Rb5 Rd2 88. Ra5 Kf6 89. Rb5 Ke6 90. Ra5 Rd5 91. Ra6+ Ke5 92. Ra4 Rd4 93. Ra5+ Ke4 94.
Ke2 Rb4 95. Ra3 Rb2+ 96. Kf1 Rd2 97. Ra4+ Kf3 98. Rf4+ Kxg3 99. Rxf5 Rd1+ 100. Ke2 Rg1 101. Rh5 Kg2 102. Rh4 g3 103. Rh8 Rb1 104. Rg8 Rb5 105. Ke1 Re5+ 106. Kd2 Kf2 107. Rf8+ Kg1 108. Rg8 g2 109. Rg7 Rh5 110. Ke2 Kh2 111. Kf2 Rf5+ 112. Ke3 g1=Q+ 113. Rxg1 Kxg1 0-1